AoeStats
← Zuwordo!

Arabia

509521431Analyzed
3v3 RM · 6d ago on Sep 27, 2026· 37m 9s· 6 players
Game mode
Random Map
Map size
Normal (6 player)
Population
200
Speed
Normal
Resources
Standard
Victory
Conquest
Starting age
Dark Age
Ending age
Imperial Age
RankedLock teamsTeams togetherTeam positionsShared explorationLock speedFull tech treeHidden civsTurbo modeCheats
Victory
Defeat
🇦🇷 Ethiopians · Argentina
1129
+14
🇦🇷 Franks · Argentina
1044
+18
🇦🇷 Spanish · Argentina
1012
+19
🇨🇱 Vikings · Chile
1167
-20
🇨🇱 Persians · Chile
1064
-16
🇨🇱 Khmer · Chile
1026
-15
Tuxilion
2:56 Loom
11:17 Feudal Age
21:37 Castle Age
20:36 Scale Barding Armor
20:46 Forging
23:44 Chain Barding Armor
24:03 Husbandry
29:32 Iron Casting
30:14 Arson
30:32 Scale Mail Armor
31:55 Wheelbarrow
31:48 Chain Mail Armor
37:13 Imperial Age
34:59 Hand Cart
Matute
7:19 Loom
9:40 Feudal Age
10:19 Double-Bit Axe
10:43 Horse Collar
11:39 Fletching
14:01 Town Watch
15:51 Padded Archer Armor
17:01 Horse Collar
21:50 Castle Age
20:11 Gold Mining
22:02 Crossbowman
22:38 Bodkin Arrow
22:55 Bow Saw
24:32 Leather Archer Armor
25:05 Thumb Ring
27:16 Ballistics
28:33 Town Patrol
33:29 Wheelbarrow
38:49 Imperial Age
37:54 Hand Cart
gabo2584
5:26 Loom
12:15 Feudal Age
18:50 Castle Age
17:07 Double-Bit Axe
17:06 Horse Collar
18:15 Fletching
18:28 Padded Archer Armor
20:04 Bow Saw
20:28 Leather Archer Armor
24:45 Wheelbarrow
24:43 Ballistics
26:12 Bodkin Arrow
31:41 Imperial Age
29:33 Scale Mail Armor
30:43 Gold Mining
32:48 Conscription
31:52 Elite Skirmisher
33:50 Chemistry
35:08 Bracer
Rolandreso
5:40 Loom
12:21 Feudal Age
13:37 Horse Collar
16:25 Double-Bit Axe
21:14 Castle Age
21:39 Wheelbarrow
23:41 Bow Saw
25:27 Heavy Plow
26:10 Hand Cart
30:15 Ballistics
35:00 Imperial Age
RedLaig
12:20 Feudal Age
16:48 Castle Age
14:45 Double-Bit Axe
15:02 Horse Collar
17:09 Wheelbarrow
18:15 Gold Mining
19:51 Bow Saw
22:02 Husbandry
23:42 Bloodlines
24:05 Scale Barding Armor
26:19 Forging
31:00 Hand Cart
33:30 Heavy Plow
35:48 Iron Casting
Zuwordo!
2:58 Loom
10:00 Feudal Age
10:29 Double-Bit Axe
14:33 Horse Collar
22:09 Castle Age
21:05 Padded Archer Armor
21:33 Fletching
23:23 Leather Archer Armor
23:04 Bodkin Arrow
22:31 Elite Skirmisher
23:59 Bow Saw
27:31 Scale Mail Armor
27:42 Forging
28:09 Pikeman
30:11 Chain Mail Armor
30:12 Crossbowman
Connection lost

Rejoining the realm…

Still unreachable

The connection could not be restored.

Session expired

The server has moved on; the page needs a fresh start.